 Dungeon Crawl Stone Soup version 0.28.0-1-gb440e238dd (webtiles) character file.

Game seed: 5661939223908322516

4401 Zeldest the Caller (level 10, 0/76 HPs)
             Began as a Vine Stalker Summoner on Feb 21, 2022.
             Was a Believer of Cheibriados.
             Engulfed by a cloud of steam (7 damage)
             ... on level 8 of the Dungeon.
             The game lasted 00:35:41 (4188 turns).

Zeldest the Caller (Vine Stalker Summoner)          Turns: 4188, Time: 00:35:42

Health: 0/76       AC: 25    Str: 15    XL:     10   Next: 35%
Magic:  0/14       EV:  2    Int: 24    God:    Cheibriados [**....]
Gold:   345        SH:  6    Dex: 21    Spells: 8/14 levels left

rFire   . . .      SeeInvis .     - Unarmed
rCold   . . .      Faith    .   l - +0 buckler
rNeg    . . .      Spirit   +   (armour currently unavailable)
rPois   +          Reflect  .   (helmet currently unavailable)
rElec   .          Harm     .   (cloak currently unavailable)
rCorr   .          Rampage  .   (gloves currently unavailable)
Will    +....      NoTele   +   (boots currently unavailable)
Stlth   +.........              (no amulet)
HPRegen 1.02/turn               (no ring)
MPRegen 0.14/turn               (no ring)

@: lit by a corona, tree-form, glowing, very slow
A: stationary, stasis, torment immunity, boosted hp, (fangs 3), regeneration 1,
magic shield, (antimagic bite), no potion heal 2
a: Renounce Religion, Bend Time


You were on level 8 of the Dungeon.
You worshipped Cheibriados.
Cheibriados was pleased with you.
You were a tree.
You visited 2 branches of the dungeon, and saw 9 of its levels.
You also visited: Sewer.

You collected 345 gold pieces.

Inventory:

Hand Weapons
 v - the +4 whip of the Ghost {vorpal, rC+ SInv}
   (You found it on level 5 of the Dungeon)

   It inflicts extra damage upon your enemies.
   rC:        It protects you from cold.
   SInv:      It lets you see invisible.
 z - a +0 long sword of flaming
Armour
 a - a +0 robe
 k - a +1 helmet (melded)
 l - a +0 buckler (worn)
 y - +1 steam dragon scales (melded)
 B - a +0 kite shield
Magical Staves
 u - a staff of fire
Jewellery
 e - a ring of ice
Wands
 p - a wand of digging (7)
Scrolls
 b - 2 scrolls of blinking
 f - 2 scrolls of teleportation
 g - a scroll of noise {unknown}
 h - a scroll of enchant armour
 i - 2 scrolls of fear {unknown}
 j - 2 scrolls of enchant weapon
 n - 2 scrolls of amnesia {unknown}
 o - a scroll of acquirement {unknown}
 q - 3 scrolls of vulnerability {unknown}
 r - a scroll of magic mapping {unknown}
 t - a scroll of summoning {unknown}
 C - a scroll of torment {unknown}
Potions
 c - 2 potions of flight
 d - a potion of lignification
 s - a potion of invisibility {unknown}
 w - a potion of haste {unknown}
 x - a potion of magic {unknown}
 A - a potion of berserk rage {unknown}
 D - a potion of curing {unknown}


   Skills:
 + Level 5.1 Fighting
 - Level 1.5 Dodging
 - Level 2.4 Stealth
 - Level 4.0 Shields
 + Level 5.7 Unarmed Combat
 - Level 2.6 Spellcasting
 + Level 4.7 Conjurations
 - Level 7.0 Summonings
 + Level 5.6 Transmutations
 - Level 2.6 Air Magic
 + Level 1.7 Earth Magic
 + Level 4.4 Invocations
 - Level 0.3 Evocations


You had 8 spell levels left.
You knew the following spells:

 Your Spells              Type           Power      Damage    Failure   Level
a - Call Imp              Summ           36%        N/A       1%          2
b - Summon Small Mammal   Summ           100%       N/A       1%          1
c - Call Canine Familiar  Summ           36%        N/A       2%          3

Your spell library contained the following spells:

 Spells                   Type           Power      Damage    Failure   Level
 Static Discharge         Conj/Air       21%        N/A       4%          2
 Summon Guardian Golem    Hex/Summ       19%        N/A       11%         3
 Animate Skeleton         Necr           6%         N/A       14%         1
 Apportation              Tloc           6%         N/A       14%         1
 Pain                     Necr           12%        1d4       14%         1
 Summon Lightning Spire   Summ/Air       26%        N/A       19%         4
 Sublimation of Blood     Necr           3%         N/A       22%         2
 Petrify                  Tmut/Erth      20%        N/A       32%         4
 Ozocubu's Armour         Ice            3%         N/A       41%         3
 Vampiric Draining        Necr           3%         2d6       41%         3
 Irradiate                Conj/Tmut      14%        3d18      43%         5
 Sticky Flame             Conj/Fire      14%        2d4       47%         4
 Dispel Undead            Necr           3%         3d7       82%         4
 Metabolic Englaciation   Hex/Ice        1%         N/A       99%         5
 Conjure Ball Lightning   Conj/Air       10%        3x3d6     99%         6
 Simulacrum               Ice/Necr       1%         N/A       100%        6
 Discord                  Hex            1%         N/A       100%        8
 Disjunction              Tloc           1%         N/A       100%        8


Dungeon Overview and Level Annotations

Branches:
Dungeon (8/15)             Temple (1/1) D:5           Sewer (visited)
   Lair: D:8-11

Altars:
Ashenzari
Cheibriados
Dithmenos
Elyvilon
Fedhas
Gozag
Hepliaklqana
Kikubaaqudgha
Makhleb
Nemelex Xobeh
Okawaru
Qazlal
Ru
Sif Muna
Trog
Uskayaw
Wu Jian
Xom
Yredelemnul
Zin
The Shining One

Shops:
D:6 =

Annotations:
D:7 3 runed translucent doors, spaghetti's ghost, novice TeDe


Innate Abilities, Weirdness & Mutations

You are a tree.
Your roots penetrate the ground, keeping you stationary.
You cannot be teleported.
You are immune to unholy pain and torment.
Your maximum health is greatly increased.
Your equipment is partially melded.
((You have razor-sharp teeth.))
Your natural rate of healing is unusually fast.
When hurt, damage is shared between your health and your magic reserves.
((Your bite disrupts and absorbs the magic of your enemies.))
Potions cannot restore your health.


Message History

Unknown command.
Unknown command.
Unknown command.
You barely miss the steam dragon.
The steam dragon is severely wounded.
Your crimson imp disappears in a puff of smoke!
The orc wizard mumbles some strange words.
The orc wizard flickers and vanishes!
Deactivating autopickup; reactivate with Ctrl-A.
You block the steam dragon's attack.
The steam dragon claws you but does no damage.
Unknown command.
Unknown command.
You barely miss the steam dragon.
The steam dragon is severely wounded.
The steam dragon completely misses you.
The steam dragon claws you but does no damage.
Unknown command.
Unknown command.
You barely miss the steam dragon.
The steam dragon is severely wounded.
The steam dragon breathes steam at you. The ball of steam hits you.
* * * LOW HITPOINT WARNING * * *
You hear a shout! x2
Unknown command.
Unknown command.
Unknown command.
You smack the steam dragon!
You kill the steam dragon!
Cheibriados appreciates the change of pace.
You are engulfed in a cloud of scalding steam.
Something hits you but does no damage.
An orc comes into view. It is wielding a +0 whip.
Okay, then.
You cannot move.
You hit the orc.
The orc is moderately wounded.
You are engulfed in a cloud of scalding steam.
You die...

.... ..#.
... ###..#
#. #....
....
#.#.##.#o#
#.#)#o....
#§♣o.#.#.
#.){......
#)))##.#.#
#...# #
#.<.#
#:..#
#.....
##......
#........


You could see 3 orcs.

Vanquished Creatures
  2 two-headed ogres
  Maggie (D:6)
  A steam dragon (D:8)
  Menkaure (D:4)
  2 water moccasins (D:7)
  An ice beast (D:6)
  A sky beast (D:6)
  An ogre (D:5)
  A necrophage (D:5)
  A centaur (D:5)
  A phantom (D:5)
  A kobold brigand (D:7)
  2 scorpions (D:6)
  A centaur zombie (D:7)
  A hound (D:6)
  A centaur skeleton (D:6)
  A bullfrog skeleton (D:6)
  An orc priest (D:7)
  A gnoll shaman (D:8)
  A hound skeleton (D:5)
  3 adders (D:5)
  5 gnolls
  An ufetubus (D:6)
  A worm (D:5)
  A dart slug (D:3)
  7 orcs
  An endoplasm (D:2)
  2 giant cockroaches (D:1)
  2 goblins
  3 hobgoblins
  3 jackals
  3 ball pythons
  3 bats
  3 frilled lizards
  6 kobolds
  2 rats
69 creatures vanquished.

Vanquished Creatures (collateral kills)
  A steam dragon (D:6)
  A water moccasin (Sewer)
  An orc warrior (D:7)
  An ogre (D:5)
  2 black bears
  A necrophage (D:6)
  A phantom (D:3)
  A gnoll sergeant (D:6)
  A scorpion (D:6)
  A water moccasin zombie (D:6)
  A wyvern skeleton (D:6)
  A bullfrog zombie (D:5)
  A jelly (D:7)
  A hound (D:6)
  A gnoll shaman (D:7)
  A centaur skeleton (D:5)
  Ijyb (D:4)
  An orc wizard (D:3)
  5 gnolls
  3 adders
  A white imp (D:7)
  2 worms (D:5)
  3 dart slugs
  3 orcs
  3 ball pythons
  2 endoplasms (D:1)
  2 giant cockroaches
  2 hobgoblins
  A quokka (D:2)
  4 bats (D:1)
  2 frilled lizards
  3 goblins
  3 kobolds
  A rat (D:3)
59 creatures vanquished.

Vanquished Creatures (others)
  A meliai zombie (D:8)
  2 gnolls (D:8)
  An orc (D:8)
  5 plants (D:6)
9 creatures vanquished.

Grand Total: 137 creatures vanquished

Notes
Turn   | Place    | Note
-------+----------+-------------------------------------------
     0 | D:1      | Zeldest the Vine Stalker Summoner began the quest for the
                  | Orb.
     0 | D:1      | Reached XP level 1. HP: 9/9 MP: 4/4
    76 | D:1      | Reached XP level 2. HP: 9/14 MP: 6/6
   108 | D:1      | Learned a level 2 spell: Call Imp
   392 | D:1      | Reached skill level 1 in Unarmed Combat
   434 | D:1      | Found a faded altar of an unknown god.
   444 | D:1      | Reached XP level 3. HP: 9/17 MP: 7/7
   727 | D:2      | Found a shadowy altar of Dithmenos.
   928 | D:2      | Learned a level 3 spell: Call Canine Familiar
   974 | D:2      | Reached skill level 1 in Fighting
  1414 | D:3      | Reached skill level 1 in Air Magic
  1414 | D:3      | Gained mutation: Your natural rate of healing is unusually
                  | fast. [Vine Stalker growth]
  1414 | D:3      | Reached XP level 4. HP: 13/22 MP: 2/8
  1442 | D:3      | Noticed a phantom
  1451 | D:3      | Killed a phantom
  1452 | D:3      | Reached skill level 1 in Shields
  1452 | D:3      | Reached skill level 1 in Transmutations
  1452 | D:3      | Reached XP level 5. HP: 25/25 MP: 1/9
  1630 | D:4      | Noticed Menkaure
  1643 | D:4      | Killed Menkaure
  1644 | D:4      | Reached XP level 6. HP: 23/30 MP: 2/10
  1884 | D:4      | Noticed Ijyb
  1897 | D:4      | Killed Ijyb
  1947 | D:4      | Noticed a black bear
  1987 | D:4      | Killed a black bear
  2031 | D:5      | Entered Level 5 of the Dungeon
  2031 | D:5      | Found a glowing drain.
  2067 | Sewer    | Entered a sewer
  2120 | Sewer    | Noticed a water moccasin
  2137 | Sewer    | Killed a water moccasin
  2138 | Sewer    | Reached skill level 5 in Summonings
  2138 | Sewer    | Reached XP level 7. HP: 35/35 MP: 4/11
  2257 | D:5      | Found a staircase to the Ecumenical Temple.
  2266 | Temple   | Entered the Ecumenical Temple
  2355 | Temple   | Became a worshipper of Cheibriados the Contemplative
  2418 | D:5      | Identified the +4 whip of the Ghost {vorpal, rC+ SInv}
  2478 | D:5      | Reached skill level 1 in Conjurations
  2638 | D:6      | Gained mutation: You have razor-sharp teeth. [Vine Stalker
                  | growth]
  2638 | D:6      | Reached XP level 8. HP: 20/40 MP: 12/12
  2695 | D:6      | Reached skill level 1 in Invocations
  2875 | D:5      | Identified the +6 dire flail "Hil Gial" {venom, rElec}
  3204 | D:6      | Reached * piety under Cheibriados
  3205 | D:6      | Reached skill level 6 in Summonings
  3208 | D:6      | Noticed Maggie
  3213 | D:6      | Reached XP level 9. HP: 45/45 MP: 13/13
  3235 | D:6      | Killed Maggie
  3328 | D:6      | Found Huebloac's Jewellery Boutique.
  3649 | D:7      | Found a runed translucent gate.
  3650 | D:7      | Found a runed translucent gate.
  3651 | D:7      | Found a runed translucent gate.
  3653 | D:7      | Noticed spaghetti's ghost (novice TeDe)
  3783 | D:7      | Noticed a two-headed ogre
  3823 | D:7      | Killed a two-headed ogre
  3824 | D:7      | Reached skill level 5 in Unarmed Combat
  3824 | D:7      | Reached skill level 5 in Transmutations
  3904 | D:7      | Reached ** piety under Cheibriados
  3949 | D:7      | Reached XP level 10. HP: 19/51 MP: 4/14
  4039 | D:7      | Reached skill level 7 in Summonings
  4133 | D:8      | Noticed a two-headed ogre
  4152 | D:8      | Killed a two-headed ogre
  4153 | D:8      | Reached skill level 5 in Fighting
  4153 | D:8      | Reached skill level 1 in Earth Magic
  4177 | D:8      | HP: 2/76 [steam dragon] (8)]
  4188 | D:8      | Engulfed by a cloud of steam

Illustrated notes

Levels and vault maps discovered:
D:1:      dpeg_arrival_stone_temple_mockup, layout_basic,
          dreamdust_ecumenical_altar_statues
D:2:      layout_basic, basic_altar, grunt_decor_cap,
          hangedman_decor_diamond_cutter, minmay_crystal_room, minmay_tromino_i2
D:3:      layout_basic
D:4:      layout_basic, kennysheep_windowed_goal, uniq_menkaure, uniq_sigmund,
          uniq_ijyb
D:5:      layout_basic, minmay_temple_entry_antechambers,
          cheibrodos_sewer_entry_drain, minmay_checkerbox
D:6:      layout_cave_pools, serial_shops, nicolae_shop_hallway_plus,
          nicolae_grassy_gnolls, uniq_maggie
D:7:      layout_basic, gammafunk_ghost_necromancy
D:8:      layout_loops_ring, david_lair_generic, nicolae_ossuary_entry_monument,
          st_stairs_10
Temple:   regret_index_temple_sigil_plot

Skill      XL: |  1  2  3  4  5  6  7  8  9 10 |
---------------+-------------------------------+-----
Unarmed Combat | 1 2 3 4 5 |  5.7
Fighting       | 1 2 3 4 5 |  5.1
Air Magic      | 1 2 |  2.6
Shields        | 1 2 3 4 |  4.0
Transmutations | 1 2 3 4 5 |  5.6
Summonings     | 5 6 7 |  7.0
Conjurations   | 1 2 4 |  4.7
Invocations    | 2 3 4 |  4.4
Earth Magic    | 1 |  1.7
Dodging        | |  1.5
Stealth        | |  2.4
Spellcasting   | |  2.6
Evocations     | |  0.3

Action                   |  1- 3 |  4- 6 |  7- 9 | 10-12 || total
-------------------------+-------+-------+-------+-------++-------
Melee: Unarmed           |   102 |    41 |   177 |    49 ||   369
       Bite              |    24 |     9 |    63 |     5 ||   101
 Cast: Summon Small Mamm |    15 |     1 |     3 |     4 ||    23
       Call Imp          |    10 |    15 |    28 |     5 ||    58
       Call Canine Famil |     2 |     5 |    16 |     4 ||    27
Evoke: Wand              |       |     3 |     9 |     2 ||    14
  Use: Scroll            |       |     5 |     1 |       ||     6
       Potion            |       |       |     1 |     1 ||     2
 Stab: Sleeping          |     4 |     1 |       |       ||     5
       Distracted        |     1 |       |     6 |       ||     7
Armor: Robe              |    28 |    11 |    20 |       ||    59
       Skin              |       |       |    69 |    65 ||   134
       Steam dragon scal |       |       |    20 |     1 ||    21
Dodge: Dodged            |    60 |    17 |   102 |    13 ||   192
Block: Buckler           |     7 |     9 |    75 |    19 ||   110
